 Dungeon Sprint DCSS version 0.23-a0-516-g0f8c245 (webtiles) character file.

1304 JosiahThimblerig the Cleaver (level 8, -5/121 HPs)
             Began as a Hill Orc Fighter on Dec 5, 2018.
             Slain by a demonic crawler (8 damage)
             ... in the Dungeon (Sprint I: "Red Sonja").
             The game lasted 00:07:27 (924 turns).

JosiahThimblerig the Cleaver (Hill Orc Fighter)      Turns: 924, Time: 00:07:28

Health: -5/121     AC:  8    Str: 24    XL:     8   Next: 57%
Magic:  8/8        EV: 10    Int:  8    God:
Gold:   270        SH: 12    Dex: 12    Spells: 7/7 levels left

rFire    . . .     SeeInvis .   a - +0 war axe
rCold    . . .     Gourm    .   c - +0 shield
rNeg     . . .     Faith    .   b - +0 scale mail
rPois    .         Spirit   .   (no helmet)
rElec    .         Reflect  .   (no cloak)
rCorr    .         Harm     .   (no gloves)
MR       .....     NoTele   +   (no boots)
Stlth    ..........             (no amulet)
HPRegen  0.30/turn              (no ring)
MPRegen  0.11/turn              (no ring)

@: berserking (expiring), very quick
A: no striking features
a: no special abilities


You were in the Dungeon.
You were not hungry.

You visited 1 branch You collected 270 gold pieces.

Inventory:

Hand Weapons
 a - a +0 war axe (weapon)
 l - a +0 scythe
 m - a +0 club
 o - a +0 giant spiked club
 q - a +0 dagger
Armour
 b - a +0 scale mail (worn)
 c - a +0 shield (worn)
 n - a +0 leather armour
 p - a +0 robe
 r - a +0 robe
Wands
 d - a wand of random effects (20)
Scrolls
 k - a scroll of blinking
Potions
 e - 2 potions of curing
 g - a potion of heal wounds
 h - a potion of haste
 i - 2 potions of magic
Comestibles
 f - a ration


   Skills:
 + Level 10.8 Fighting
 + Level 13.3 Axes
 + Level 10.9 Armour
 + Level 2.1 Dodging
 + Level 0.1 Stealth
 + Level 9.1 Shields
 + Level 1.1 Evocations


You had 7 spell levels left.
You didn't know any spells.
Your spell library was empty.

Dungeon Overview and Level Annotations

Branches:
Dungeon (1/1)

Altars:
Makhleb
Xom
Jiyva
Lugonu


Message History

* * * LOW HITPOINT WARNING * * *
The demonic crawler hits you!
* * * LOW HITPOINT WARNING * * *
You block the demonic crawler's attack. The demonic crawler closely misses you.
You slice the demonic crawler!!
You kill the demonic crawler!
Your Axes skill increases to level 13!
Your Dodging skill increases to level 2!
Your Shields skill increases to level 9!
Your Evocations skill increases to level 1!
You hit the demonic crawler but do no damage.
You hit the demonic crawler.
The demonic crawler is heavily wounded.
You block the demonic crawler's attack. The demonic crawler hits you!
* * * LOW HITPOINT WARNING * * *
The demonic crawler barely misses you.
You hit the demonic crawler.
The demonic crawler is severely wounded.
The demonic crawler hits you!
You die...

##########################
#<.#..'..#..'.†#s_#..'...#
#..'..#..'..#.@ss.'..#.s.##+#
#..#####'#####+#__####...'..#
#..# #..# #### #####..+ #..#
#### ## #..# #⌠⌠# ####


You could see 3 demonic crawlers.

Vanquished Creatures
  2 kobold demonologists (D)
  A demonic crawler (D)
  A slime creature (D)
  Sigmund (D)
  A floating eye (D)
  An ogre (D)
  Ijyb (D)
8 creatures vanquished.

Vanquished Creatures (others)
  A gargoyle (D)
1 creature vanquished.

Grand Total: 9 creatures vanquished

Notes
Turn   | Place    | Note
-------+----------+-------------------------------------------
     0 | D        | JosiahThimblerig the Hill Orc Fighter began the quest for
                  | the Orb.
     0 | D        | Reached XP level 1. HP: 19/19 MP: 1/1
     2 | D        | Noticed Ijyb
    11 | D        | Killed Ijyb
    11 | D        | Reached skill level 5 in Fighting
    11 | D        | Reached skill level 3 in Axes
    11 | D        | Reached XP level 2. HP: 21/29 MP: 2/2
    11 | D        | Reached XP level 3. HP: 26/36 MP: 3/3
   103 | D        | Noticed an ogre
   109 | D        | Killed an ogre
   109 | D        | Reached skill level 5 in Axes
   109 | D        | Reached skill level 5 in Shields
   109 | D        | Reached XP level 4. HP: 25/45 MP: 4/4
   248 | D        | Noticed Sigmund
   257 | D        | Killed Sigmund
   257 | D        | Reached skill level 7 in Axes
   257 | D        | Reached XP level 5. HP: 29/53 MP: 5/5
   257 | D        | Reached XP level 6. HP: 33/61 MP: 6/6
   414 | D        | Found a burning altar of Makhleb.
   414 | D        | Found a viscous altar of Jiyva.
   414 | D        | Found a shimmering altar of Xom.
   414 | D        | Found a corrupted altar of Lugonu.
   414 | D        | Noticed a slime creature
   428 | D        | Killed a slime creature
   428 | D        | Reached skill level 9 in Axes
   600 | D        | Killed a gargoyle
   619 | D        | Noticed a kobold demonologist
   619 | D        | Noticed a floating eye
   619 | D        | Noticed a kobold demonologist
   625 | D        | Paralysed by a floating eye for 2 turns
   627 | D        | Killed a floating eye
   627 | D        | Reached skill level 10 in Axes
   627 | D        | Reached XP level 7. HP: 70/70 MP: 7/7
   630 | D        | Noticed a neqoxec
   634 | D        | Noticed a rust devil
   636 | D        | Noticed a chaos spawn
   642 | D        | Killed a kobold demonologist
   642 | D        | Reached skill level 10 in Fighting
   642 | D        | Reached skill level 11 in Axes
   642 | D        | Reached skill level 10 in Armour
   647 | D        | Noticed a smoke demon
   652 | D        | Killed a kobold demonologist
   652 | D        | Reached skill level 12 in Axes
   652 | D        | Reached skill level 1 in Dodging
   652 | D        | Reached XP level 8. HP: 26/80 MP: 8/8
   905 | D        | Noticed a demonic crawler
   905 | D        | Noticed a demonic crawler
   905 | D        | Noticed a demonic crawler
   905 | D        | Noticed a demonic crawler
   922 | D        | Killed a demonic crawler
   922 | D        | Reached skill level 13 in Axes
   922 | D        | Reached skill level 1 in Evocations
   923 | D        | HP: 2/121 [demonic crawler (7)]
   924 | D        | Slain by a demonic crawler

Vault maps used:
D:        dungeon_sprint_1

Skill      XL: |  1  2  3  4  5  6  7  8 |
---------------+-------------------------+-----
Fighting       | 5 6 8 9 10 | 10.8
Axes           | 3 5 7 10 12 13 | 13.3
Armour         | 4 6 8 9 10 | 10.9
Shields        | 4 5 7 8 9 |  9.1
Dodging        | 1 2 |  2.1
Evocations     | 1 |  1.1
Stealth        | |  0.1

Action                   |  1- 3 |  4- 6 |  7- 9 || total
-------------------------+-------+-------+-------++-------
Melee: War axe           |    14 |    21 |    30 ||    65
Evoke: Wand              |       |     1 |     3 ||     4
  Use: Potion            |       |     1 |     1 ||     2
Armor: Scale mail        |     4 |     7 |    18 ||    29
Dodge: Dodged            |     1 |     3 |    10 ||    14
Block: Shield            |     3 |     5 |    24 ||    32

Table legend:
 A = Non-vault XP
 B = Vault XP
 C = Vault XP percentage of total XP
 D = Non-vault monster count
 E = Vault monster count
 F = Vault count percentage of total count
                 A         B        C        D         E       F
            +---------+---------+-------+---------+---------+-------
      Total |       0 |    1863 | 100.0 |       0 |       8 | 100.0
            +---------+---------+-------+---------+---------+-------
          D |       0 |    1863 | 100.0 |       0 |       8 | 100.0
            +---------+---------+-------+---------+---------+-------
